 Dungeon Crawl Stone Soup version 0.28.0 (webtiles) character file.

Game seed: 16371419919797592347

1162 oldriver the Warrior (level 8, -6/99 HPs)
             Began as a Gargoyle Fighter on Feb 7, 2022.
             Was a Believer of Qazlal.
             Killed from afar by a raiju (21 damage)
             ... with a living lightning
             ... on level 2 of the Abyss.
             The game lasted 00:05:02 (4868 turns).

oldriver the Warrior (Gargoyle Fighter)             Turns: 4868, Time: 00:05:03

Health: -6/99      AC: 24    Str: 22    XL:     8   Next: 39%
Magic:  8/8        EV:  2    Int:  9    God:    Qazlal [**....]
Gold:   193        SH:  6    Dex:  9    Spells: 7/7 levels left

rFire   + . .      SeeInvis +   a - +0 flail
rCold   . . .      Faith    .   c - +0 buckler
rNeg    + . .      Spirit   .   (armour currently unavailable)
rPois   ∞          Reflect  .   (helmet currently unavailable)
rElec   .          Harm     .   (cloak currently unavailable)
rCorr   .          Rampage  .   (gloves currently unavailable)
Will    .....      NoTele   +   (boots currently unavailable)
Stlth   +.........              (no amulet)
HPRegen 0.26/turn               j - ring of see invisible
MPRegen 0.11/turn               o - ring of protection from fire

@: mighty, tree-form, hasted, invisible, very quick
A: stationary, stasis, torment immunity, boosted hp, sickness immunity, AC +5,
negative energy resistance 1, (electricity resistance), torment resistance 1,
petrification resistance
a: Renounce Religion, Upheaval


You were on level 2 of the Abyss.
You worshipped Qazlal.
Qazlal was pleased with you.
You were a tree.
You visited 1 branch of the dungeon, and saw 5 of its levels.
You visited the Abyss 1 time.

You collected 193 gold pieces.

Inventory:

Hand Weapons
 a - a +0 flail (weapon)
Missiles
 r - 2 datura-tipped darts (quivered)
Armour
 b - a +0 scale mail (melded)
 c - a +0 buckler (worn)
Jewellery
 j - a ring of see invisible (left branch)
 o - a ring of protection from fire (right branch)
Wands
 l - a wand of flame (5)
 t - a wand of polymorph (13)
 x - a wand of iceblast (8)
Scrolls
 e - 4 scrolls of identify
 f - a scroll of teleportation
 g - 4 scrolls of fog
 h - a scroll of torment {unknown}
 n - a scroll of enchant weapon {unknown}
 p - a scroll of vulnerability {unknown}
 q - a scroll of enchant armour {unknown}
 w - a scroll of holy word {unknown}


   Skills:
 + Level 15.0 Fighting
 + Level 5.7 Maces & Flails
 - Level 3.2 Armour
 - Level 3.2 Shields


You had 7 spell levels left.
You didn't know any spells.
Your spell library contained the following spells:

 Spells                   Type           Power      Damage    Failure   Level
 Animate Skeleton         Necr           0%         N/A       47%         1
 Apportation              Tloc           0%         N/A       47%         1
 Summon Small Mammal      Summ           0%         N/A       47%         1


Dungeon Overview and Level Annotations

Branches:
Dungeon (5/15)             Temple (0/1) D:4

Altars:
Ashenzari
Makhleb
Nemelex Xobeh
Qazlal
Vehumet

Shops:
D:5 :!


Innate Abilities, Weirdness & Mutations

You are a tree.
Your roots penetrate the ground, keeping you stationary.
You cannot be teleported.
You are immune to unholy pain and torment.
Your maximum health is greatly increased.
Your equipment is partially melded.
You are immune to sickness and miasma.
((Your stone body is resilient. (AC +5)))
You are immune to poison.
You resist negative energy. (rN+)
((You are resistant to electric shocks. (rElec)))
You are resistant to unholy torment.
You are immune to petrification.


Message History

You block the raiju's attack.
It was a potion of lignification.
You turn into a tree.
Your +0 scale mail melds into your body.
Your roots penetrate the ground.
You feel strangely stable.
You hear a bark!
The unseen horror completely misses you.
The raiju bites you but does no damage.
Unknown command.
It was a potion of curing.
You feel better.
You hear a bark!
The unseen horror hits you.
* * * LOW HITPOINT WARNING * * *
You block the unseen horror's attack. You block the raiju's attack.
Unknown command.
It was a potion of flight.
Your roots keep you in place.
You hear a bark!
The unseen horror hits you.
* * * LOW HITPOINT WARNING * * *
You block the raiju's attack.
A raiju comes into view.
Unknown command.
You cannot teleport because you are held in place by your roots.
Unknown command.
It was a potion of invisibility.
You fade into invisibility!
The raiju barks!
The raiju completely misses you.
Unknown command.
It was a potion of haste.
You feel yourself speed up.
The unseen horror hits you but does no damage.
The raiju bites you.
* * * LOW HITPOINT WARNING * * *
The raiju shocks you!
* * * LOW HITPOINT WARNING * * *
Unknown command.
You feel very mighty all of a sudden. The raiju bites you but does no damage.
The raiju bursts into living lightning!
The living lightning hits you!!
You die...

.... .... ..
#... ## ..... #
..# ..# #.#.
.....
........## #..
...... .. .
..##. ..
#x..... .. #..
#.#.####hh.....
##.
##....#..##h♣#
.....
..#.##.#h###
.....
...#...h## #
..##..#...#.#
## ##....###.#
. .....§..# #..
..§ ..## ..##.
##..##..# .# #.
##.. #. # .. ..


You could see an unseen horror (invisible) and 5 raiju.

Vanquished Creatures
  Sigmund (D:3)
  A phantom (D:4)
  A centaur zombie (D:5)
  2 hounds (D:5)
  Terence (D:3)
  2 iguanas (D:4)
  Natasha (thrice) (D:2)
  A hound skeleton (D:4)
  2 adders
  4 worms
  A dart slug (D:1)
  3 orcs
  A bat (D:1)
  6 endoplasms
  3 giant cockroaches
  7 goblins
  9 hobgoblins
  2 jackals (D:1)
  2 quokkas (D:3)
  5 ball pythons
  2 frilled lizards
  8 kobolds
  6 rats
73 creatures vanquished.

Notes
Turn   | Place    | Note
-------+----------+-------------------------------------------
     0 | D:1      | oldriver the Gargoyle Fighter began the quest for the Orb.
     0 | D:1      | Reached XP level 1. HP: 14/14 MP: 1/1
   225 | D:1      | Reached XP level 2. HP: 11/19 MP: 2/2
   784 | D:1      | Reached XP level 3. HP: 24/24 MP: 3/3
   896 | D:1      | Found a faded altar of an unknown god.
   903 | D:1      | Reached skill level 4 in Fighting
   908 | D:1      | Prayed at the altar of an unknown god.
   908 | D:1      | Became a worshipper of Qazlal Stormbringer
   908 | D:1      | Reached * piety under Qazlal
  1116 | D:2      | Noticed Natasha
  1123 | D:2      | Killed Natasha
  1287 | D:2      | Reached XP level 4. HP: 26/30 MP: 4/4
  1373 | D:2      | Noticed Natasha
  1378 | D:2      | Killed Natasha
  1458 | D:2      | Noticed Natasha
  1697 | D:2      | Killed Natasha
  1698 | D:2      | Reached XP level 5. HP: 27/34 MP: 5/5
  2021 | D:2      | Reached skill level 5 in Fighting
  2218 | D:3      | Noticed Sigmund
  2227 | D:3      | Killed Sigmund
  2228 | D:3      | Reached XP level 6. HP: 31/41 MP: 6/6
  2373 | D:3      | Found a burning altar of Makhleb.
  2477 | D:3      | Noticed Terence
  2908 | D:3      | Killed Terence
  2909 | D:3      | Reached skill level 6 in Fighting
  3001 | D:3      | Found a radiant altar of Vehumet.
  3015 | D:3      | Reached ** piety under Qazlal
  3204 | D:3      | Found a sparkling altar of Nemelex Xobeh.
  3305 | D:4      | Reached skill level 5 in Maces & Flails
  3748 | D:4      | Found a staircase to the Ecumenical Temple.
  3994 | D:4      | Reached XP level 7. HP: 25/47 MP: 7/7
  4447 | D:5      | Entered Level 5 of the Dungeon
  4447 | D:5      | Found Vosmu's Distillery.
  4497 | D:5      | Found a broken altar of Ashenzari.
  4511 | D:5      | Found Riasasunt's Book Emporium.
  4819 | D:5      | Cast into level 2 of the Abyss (orc priest)
  4833 | Abyss:2  | Noticed a raiju
  4833 | Abyss:2  | Noticed a raiju
  4850 | Abyss:2  | Noticed a raiju
  4850 | Abyss:2  | Noticed a raiju
  4858 | Abyss:2  | Noticed an unseen horror
  4859 | Abyss:2  | Noticed a ynoxinul
  4862 | Abyss:2  | Reached skill level 15 in Fighting
  4862 | Abyss:2  | Reached XP level 8. HP: 15/66 MP: 8/8
  4865 | Abyss:2  | Noticed a raiju
  4868 | Abyss:2  | Killed from afar by a raiju

Illustrated notes

Levels and vault maps discovered:
D:1:      minmay_arrival_four_houses, layout_loops_ring,
          hellmonk_ecumenical_altar_lost_god, lemuel_flame_loot_1
D:2:      layout_loops_ring, uniq_natasha
D:3:      layout_basic, mainiacjoe_overflow_alcove_2, makhleb_altar_promises_db,
          nicolae_vehumet_altar_sigil, uniq_sigmund, uniq_terence
D:4:      layout_cave_pools, lemuel_temple_firewalk_b
D:5:      nicolae_cairo_tiling_large_dashed, layout_cave_pools,
          mainiacjoe_overflow_surrounded_room, serial_shops, shop, shop,
          nicolae_stop_n_shop_1
Abyss:2:  base:
D:5

Skill      XL: |  1  2  3  4  5  6  7 |
---------------+----------------------+-----
Fighting       | 4 5 6 15 | 15.0
Maces & Flails | 3 4 5 |  5.7
Armour         | |  3.2
Shields        | |  3.2

Action                   |  1- 3 |  4- 6 |  7- 9 || total
-------------------------+-------+-------+-------++-------
Melee: Flail             |    80 |   151 |    44 ||   275
Throw: Dart              |       |     1 |       ||     1
  Use: Scroll            |       |       |     2 ||     2
       Potion            |       |       |     7 ||     7
Armor: Scale mail        |    41 |    62 |    34 ||   137
       Skin              |       |       |     3 ||     3
Dodge: Dodged            |    32 |    72 |    30 ||   134
Block: Buckler           |    12 |    60 |    20 ||    92
